 Dungeon Crawl Stone Soup version 0.29-a0-40-g8eb35efe60 (webtiles) character file.

Game seed: 18203073385533365125

161 lunkers the Poker (level 5, -4/41 HPs)
             Began as a Merfolk Gladiator on Feb 2, 2022.
             Killed from afar by an orc wizard (7 damage)
             ... with a magic dart
             ... on level 3 of the Dungeon.
             The game lasted 00:02:41 (3368 turns).

lunkers the Poker (Merfolk Gladiator)               Turns: 3368, Time: 00:02:41

Health: -4/41      AC:  4    Str: 13 (14) XL:     5   Next: 42%
Magic:  5/5        EV: 13    Int:  4 (7)  God:
Gold:   128        SH:  0    Dex: 15 (18) Spells: 4/4 levels left

rFire   + . .      SeeInvis .   a - +0 trident
rCold   + . .      Faith    .   (no shield)
rNeg    . . .      Spirit   .   b - +0 leather armour
rPois   .          Reflect  .   c - +0 helmet
rElec   .          Harm     .   q - scarf {rC+ rF+}
rCorr   .          Rampage  .   (no gloves)
Will    .....                   (no boots)
Stlth   +.........              (no amulet)
HPRegen 0.13/turn               (no ring)
MPRegen 0.09/turn               (no ring)

@: confused, mighty, brilliant
A: (nimble swimmer 2), mertail
a: no special abilities


You were on level 3 of the Dungeon.
You visited 1 branch of the dungeon, and saw 3 of its levels.

You collected 128 gold pieces.

Inventory:

Hand Weapons
 a - a +0 trident (weapon)
Missiles
 d - 3 throwing nets
Armour
 b - a +0 leather armour (worn)
 c - a +0 helmet (worn)
 q - a scarf of resistance (worn)
Jewellery
 i - the ring of No Interval {rElec rC+ Dex+4}
   (You took it off a goblin on level 2 of the Dungeon)

   [ring of protection from cold]

   Dex:       It affects your dexterity (+4).
   rC:        It protects you from cold.
   rElec:     It insulates you from electricity.
 k - a +4 ring of slaying
 m - a ring of poison resistance
Scrolls
 e - a scroll of enchant weapon {unknown}
 g - a scroll of torment {unknown}
 h - a scroll of identify {unknown}
 j - a scroll of summoning {unknown}
 l - a scroll of blinking {unknown}
 p - 2 scrolls of brand weapon {unknown}


   Skills:
 + Level 3.4 Fighting
 * Level 6.8 Polearms
 - Level 2.0 Throwing
 + Level 5.2 Dodging


You had 4 spell levels left.
You didn't know any spells.
Your spell library was empty.

Dungeon Overview and Level Annotations

Branches:
Dungeon (3/15)

Altars:

Shops:
D:1 (


Innate Abilities, Weirdness & Mutations

((You are very nimble when in or above water. (Stealth+, EV+, Speed+++)))
Your lower body shifts to a powerful aquatic tail in water.


Message History

You hear some strange, mumbled words.
A magic dart appears from out of thin air!
The magic dart hits you.
* * * LOW HITPOINT WARNING * * *
Reach: a) +0 trident
Press: ? - help, Dir - move target You miss something.
Something hits you but does no damage.
Unknown command.
Reach: a) +0 trident
Press: ? - help, Dir - move target You barely miss something.
You hear some strange, mumbled words.
You are confused.
A giant cockroach comes into view.
Unknown command.
You're too confused to aim your attacks!
Unknown command.
It was a potion of might.
You feel very mighty all of a sudden. Something hits you but does no damage.
It was a potion of degeneration.
There was something very wrong with that liquid.
You feel weakened.
You feel dopey.
You feel clumsy.
You hear some strange, mumbled words.
A puff of flame appears from out of thin air!
The puff of flame hits you. You resist.
* * * LOW HITPOINT WARNING * * *
It was a potion of brilliance.
You feel clever all of a sudden. Something hits you.
* * * LOW HITPOINT WARNING * * *
You're too confused to aim your attacks!
You bump into the rock wall.
You hear some strange, mumbled words.
You are more confused.
You miss something.
You hear some strange, mumbled words.
A magic dart appears from out of thin air!
The magic dart hits you!
You die...

##...#....# #####...#####.#
#<.##...# #.# #...#...# #.#
########### ###.'#...#+
##.#####.........#
#.###.....###......#.........#
#.............#....#.........#
.......♣......B....#.........#
..............##@###.........#
..###.....######{# #.........#
.##.'#...#..## #.# #.........#
.#...#...#...###.###.........#
.#<.##...##.<#...##..#########
# .#####...######..##.## #
†........# #...#.## ##
.†..###### ##.....######### #.
....# #.##...........##.


You could see a giant cockroach.

Vanquished Creatures
  7 adders
  3 dart slugs
  2 orcs (D:3)
  11 endoplasms
  6 goblins
  6 hobgoblins
  6 kobolds
  A quokka (D:1)
  6 ball pythons
  11 bats
  4 frilled lizards
  4 rats
67 creatures vanquished.

Vanquished Creatures (others)
  An orc wizard (D:3)
1 creature vanquished.

Grand Total: 68 creatures vanquished

Notes
Turn   | Place    | Note
-------+----------+-------------------------------------------
     0 | D:1      | lunkers the Merfolk Gladiator began the quest for the Orb.
     0 | D:1      | Reached XP level 1. HP: 16/16 MP: 1/1
   211 | D:1      | Reached XP level 2. HP: 12/23 MP: 2/2
   438 | D:1      | Found a faded altar of an unknown god.
   679 | D:1      | Reached skill level 5 in Polearms
   733 | D:1      | Found Quahaeff's Weapon Shoppe.
   794 | D:1      | Reached XP level 3. HP: 28/28 MP: 3/3
  1268 | D:2      | Identified the ring of No Interval {rElec rC+ Dex+4}
  1682 | D:2      | Reached XP level 4. HP: 22/34 MP: 4/4
  1694 | D:2      | Reached skill level 6 in Polearms
  2810 | D:3      | Reached skill level 5 in Dodging
  2817 | D:3      | Reached XP level 5. HP: 41/41 MP: 5/5
  3368 | D:3      | Killed from afar by an orc wizard

Illustrated notes

Levels and vault maps discovered:
D:1:      lightli_arrival_isolated_outpost, layout_loops_corners,
          ebering_ecumenical_altar_box, serial_shops, shop
D:2:      minmay_kobold_bridge, layout_loops_ring, dk_vineyard_2
D:3:      layout_rooms, grunt_ministairs_6

Skill      XL: |  1  2  3  4 |
---------------+-------------+-----
Polearms       | 5 6 |  6.8
Fighting       | 3 |  3.4
Dodging        | 5 |  5.2
Throwing       | |  2.0

Action                   |  1- 3 |  4- 6 || total
-------------------------+-------+-------++-------
Melee: Trident           |   111 |   135 ||   246
       Punch             |     1 |     2 ||     3
  Use: Potion            |       |     3 ||     3
 Stab: Sleeping          |     3 |     2 ||     5
Armor: Leather armour    |    29 |    16 ||    45
Dodge: Dodged            |    58 |    64 ||   122

Table legend: (Time is in decaauts)
 A = Elapsed time spent in this place.
 B = Non-inter-level travel time spent in this place.
 C = Inter-level travel time spent in this place.
 D = Time resting spent in this place.
 E = Time spent auto-exploring this place.
 F = Levels seen in this place.
 G = Mean time per level.
                   A        B        C        D        E       F      G
               +--------+--------+--------+--------+--------+-----+--------+
         Total |   3350 |   3302 |     48 |      0 |   2817 |   3 | 1116.7 |
       Dungeon |   3350 |   3302 |     48 |      0 |   2817 |   3 | 1116.7 |
               +--------+--------+--------+--------+--------+-----+--------+

Top non-repeatable levels by time:
     D:1: 1235 daAuts
     D:2: 1230 daAuts
     D:3: 885 daAuts
